 Dungeon Crawl Stone Soup version 0.30.0-13-g156ef70053 (webtiles) character file.

Game seed: 522626310710862214

74 SnakkuSnakku7 the Trooper (level 4, -1/28 HPs)
             Began as a Tengu Hexslinger on May 17, 2023.
             Slain by Terence
             ... wielding a +0 hand axe of venom
              (5 damage)
             ... on level 2 of the Dungeon.
             The game lasted 00:02:00 (1123 turns).

SnakkuSnakku7 the Trooper (Tengu Hexslinger)        Turns: 1123, Time: 00:02:02

Health: -1/28      AC:  5    Str:  9 (10) XL:     4   Next: 30%
Magic:  6/6        EV: 10    Int: 12 (13) God:
Gold:   76         SH:  0    Dex: 16 (17) Spells: 4/5 levels left

rFire   . . .        a - +0 great sword
rCold   . . .        (shield currently unavailable)
rNeg    . . .        l - +0 ring mail
rPois   .            (helmet restricted)
rElec   .            (no cloak)
rCorr   .            (no gloves)
SInv    .            (boots unavailable)
Will    .....        g - amulet of regeneration
Stlth   +            (no ring)
HPRegen 1.04/turn    (no ring)
MPRegen 0.10/turn

%: no passive effects
@: brilliant, lethally poisoned (-1 -> -7)
A: beak, talons 3
a: no special abilities


You were on level 2 of the Dungeon.
You visited 1 branch of the dungeon, and saw 2 of its levels.

You collected 76 gold pieces.

Inventory:

Hand Weapons
 a - a +0 great sword (weapon)
 i - a +1 sling
Missiles
 k - 6 poisoned darts (quivered)
Armour
 c - a +0 robe
 f - a +0 leather armour
 l - a +0 ring mail (worn)
Jewellery
 g - an amulet of regeneration (around neck)
Scrolls
 b - a scroll of poison
 d - a scroll of amnesia {unknown}
 n - a scroll of vulnerability {unknown}
 q - a scroll of identify {unknown}
Potions
 e - 2 potions of brilliance
 h - a potion of lignification {unknown}
 j - a potion of heal wounds {unknown}
 m - 2 potions of degeneration
 o - a potion of curing {unknown}
 p - a potion of berserk rage {unknown}
 r - a potion of might {unknown}


   Skills:
 + Level 3.2 Fighting
 + Level 2.2 Long Blades
 - Level 2.1 Ranged Weapons
 - Level 2.1 Dodging
 - Level 1.0 Spellcasting
 - Level 2.1 Hexes


You had 4 spell levels left.
You knew the following spells:

 Your Spells              Type           Power      Damage    Failure   Level
a - Slow                  Hex            32%        N/A       34%         1

Your spell library contained the following spells:

 Spells                   Type           Power      Damage    Failure   Level
 Inner Flame              Hex/Fire       4%         N/A       85%         3
 Portal Projectile        Hex/Tloc       8%         N/A       85%         3
 Cause Fear               Hex            4%         N/A       98%         4


Dungeon Overview and Level Annotations

Branches:
Dungeon (2/15)

Altars:

Shops:
D:1 *

Annotations:
D:2 1 runed translucent door, Crazy Yiuf, Terence


Innate Abilities, Weirdness & Mutations

You have a beak for a mouth.
You have claws for feet.


Message History

There is an open door here.
There is a stone staircase leading down here.
You open the door.
Terence, an endoplasm and an adder come into view.
Terence is wielding a +0 hand axe of venom.
Terence shouts!
The endoplasm quivers.
Terence moves out of view.
There are monsters nearby!
There are monsters nearby!
There is an open door here.
There is a stone staircase leading down here.
You miss the adder. You claw the adder, but do no damage. The adder bites you.
The adder bites you but does no damage.
You slash the adder!
You kill the adder!
Terence shouts, "DIE!!!"
Terence closely misses you.
You hit Terence but do no damage. Your kick misses Terence.
Your peck misses Terence.
Terence hits you with a +0 hand axe of venom.
You are poisoned.
You hit Terence. You peck Terence, but do no damage.
Terence is moderately wounded.
You feel very sick.
Terence hits you with a +0 hand axe of venom.
Terence hits you with a +0 hand axe of venom!
You are lethally poisoned!
It was a potion of brilliance.
You feel clever all of a sudden.
* * * LOW HITPOINT WARNING * * *
You feel very sick. Terence closely misses you.
It was a potion of degeneration.
There was something very wrong with that liquid.
You feel weakened.
You feel dopey.
You feel clumsy.
* * * LOW HITPOINT WARNING * * *
You feel very sick.
Terence hits you with a +0 hand axe of venom.
You die...

.......#
#..............#
.#####.##
#..............#
#..###..............#
##..##..............#
##.................#
###...............#
##..............#
##...#'#########
###..@# ###@# #J#
#...........
#...........
#...........
#...........
#...........
####........


You could see Terence and an endoplasm.

Vanquished Creatures
  4 adders (D:2)
  A worm (D:2)
  3 endoplasms
  2 giant cockroaches (D:1)
  6 hobgoblins
  3 kobolds (D:1)
  3 quokkas (D:1)
  2 ball pythons (D:1)
  4 bats
  A frilled lizard (D:1)
  A goblin (D:1)
  4 rats
34 creatures vanquished.

Notes
Turn   | Place    | Note
-------+----------+-------------------------------------------
     0 | D:1      | SnakkuSnakku7 the Tengu Hexslinger began the quest for the
                  | Orb.
     0 | D:1      | Reached XP level 1. HP: 12/12 MP: 3/3
   158 | D:1      | Reached skill level 2 in Fighting
   158 | D:1      | Reached XP level 2. HP: 16/17 MP: 4/4
   632 | D:1      | Found Lauthrit's General Store.
   656 | D:1      | Reached skill level 1 in Long Blades
   656 | D:1      | Reached XP level 3. HP: 22/22 MP: 5/5
   990 | D:2      | Reached skill level 3 in Fighting
  1023 | D:2      | Reached XP level 4. HP: 28/28 MP: 6/6
  1080 | D:2      | Found a runed translucent door.
  1081 | D:2      | Noticed Crazy Yiuf
  1114 | D:2      | Noticed Terence
  1123 | D:2      | Slain by Terence

Illustrated notes

Levels and vault maps discovered:
D:1:      sevenhm_arrival_forest_fort_large_2, layout_loops_cross, serial_shops,
          shop, supply_closet_lemuel, minmay_tetromino_t4
D:2:      layout_basic, grunt_decor_one_mirror, uniq_terence,
          uniq_crazy_yiuf_cottage

Skill      XL: |  1  2  3 |
---------------+----------+-----
Fighting       | 2 3 |  3.2
Long Blades    | 1 2 |  2.2
Ranged Weapons | |  2.1
Dodging        | |  2.1
Spellcasting   | |  1.0
Hexes          | |  2.1

Action                     |  1- 3 |  4- 6 || total
---------------------------+-------+-------++-------
  Melee: Great sword       |    58 |     7 ||    65
         Kick              |    10 |     2 ||    12
         Peck              |     4 |     2 ||     6
   Fire: Sling             |    32 |       ||    32
    Use: Potion            |       |     2 ||     2
 Armour: Leather armour    |     4 |       ||     4
         Robe              |     2 |       ||     2
         Ring mail         |    22 |     2 ||    24
  Dodge: Dodged            |    63 |     4 ||    67
